 Dungeon Crawl Stone Soup version 0.29.1-4-g47bece8355 (webtiles) character file.

Game seed: 2543243286638721932

82 fishmans the Chopper (level 4, 0/28 HPs)
             Began as a Gargoyle Fighter on Dec 5, 2022.
             Killed by divine providence
             ... invoked by an orc priest
              (13 damage)
             ... on level 3 of the Dungeon.
             The game lasted 00:12:48 (2946 turns).

fishmans the Chopper (Gargoyle Fighter)             Turns: 2946, Time: 00:12:49

Health: 0/28       AC: 15    Str: 21    XL:     4   Next: 43%
Magic:  4/4        EV:  5    Int:  9    God:
Gold:   269        SH:  4    Dex:  9    Spells: 3/3 levels left

rFire   . . .      SeeInvis .   a - +0 war axe
rCold   . . .      Faith    .   c - +0 buckler
rNeg    + . .      Spirit   .   g - +0 plate armour
rPois   ∞          Reflect  .   (no helmet)
rElec   +          Harm     .   (no cloak)
rCorr   .          Rampage  .   (no gloves)
Will    .....                   (no boots)
Stlth   ..........              (no amulet)
HPRegen 0.09/turn               (no ring)
MPRegen 0.09/turn               (no ring)

@: mighty
A: sickness immunity, AC +3, negative energy resistance 1, electricity
resistance, torment resistance 1, petrification resistance
a: no special abilities


You were on level 3 of the Dungeon.
You visited 1 branch of the dungeon, and saw 3 of its levels.

You collected 269 gold pieces.

Inventory:

Hand Weapons
 a - a +0 war axe (weapon)
 r - a +0 battleaxe of electrocution
Missiles
 j - 28 stones (quivered)
Armour
 b - a +0 scale mail
 c - a +0 buckler (worn)
 g - a +0 plate armour (worn)
 l - a +0 chain mail of poison resistance
Scrolls
 m - 3 scrolls of teleportation
 n - a scroll of enchant armour {unknown}
 p - 4 scrolls of identify
 q - a scroll of fear {unknown}
Potions
 d - a potion of might
 e - a potion of heal wounds
 f - a potion of lignification {unknown}
 h - a potion of ambrosia {unknown}
 i - 2 potions of curing
 k - a potion of brilliance {unknown}
 o - a potion of haste {unknown}


   Skills:
 - Level 3.4 Fighting
 + Level 4.0 Axes
 - Level 3.3 Armour
 - Level 3.3 Shields


You had 3 spell levels left.
You didn't know any spells.
Your spell library contained the following spells:

 Spells                   Type           Power      Damage    Failure   Level
 Shock                    Conj/Air       0%         1d3       100%        1
 Swiftness                Air            0%         N/A       100%        3
 Airstrike                Air            0%         2d(0-16)  100%        4


Dungeon Overview and Level Annotations

Branches:
Dungeon (3/15)

Altars:
Fedhas

Shops:
D:1 [   D:2 !


Innate Abilities, Weirdness & Mutations

You are immune to sickness and miasma.
Your stone body is resilient. (AC +3)
You are immune to poison.
You resist negative energy. (rN+)
You are resistant to electric shocks. (rElec)
You are resistant to unholy torment.
You are immune to petrification.


Message History

The bat attacks as you move away! The bat hits you but does no damage. x3
There is an open door here.
The bat attacks as you move away! The bat hits you but does no damage.
You block the bat's attack.
You feel much better. You block the bat's attack.
The bat hits you but does no damage. The bat hits you but does no damage.
You block the bat's attack.
A bat is nearby!
You hit the bat.
You kill the bat!
You feel very mighty all of a sudden.
The orc priest mumbles some strange prayers to Beogh against you.
Beogh smites you!
The orc wizard mumbles some strange words.
The orc wizard flickers and vanishes!
Deactivating autopickup; reactivate with Ctrl-A.
The orc priest hits you but does no damage.
There is an open door here.
You hit the orc priest.
The orc priest is moderately wounded.
The orc priest hits you but does no damage.
The orc priest looks encouraged for a moment.
The orc priest calls down the wrath of Beogh upon you.
You barely resist. You closely miss the orc priest.
The orc priest is moderately wounded.
The orc priest begins to cast a cantrip, but forgets the words!
You completely miss something. You barely miss something.
Something hits you but does no damage. x2
You closely miss something. You block something's attack.
You barely miss something.
Something hits you but does no damage. x2
You closely miss something. Something hits you.
You barely miss something. Something hits you but does no damage.
You barely miss something. Something hits you.
Something hits you but does no damage.
You miss something. Something hits you but does no damage.
You slash something!
The orc priest invokes the aid of Beogh against you.
Beogh smites you!
You die...

####### ....... #...#.. ......_
#...#.. ....... ##### #####
####### #...# #...######
...##############...####....#....
...)))).....ooo{@...'.......'.<).
...##############...#####...#....
...# #......# #####[... .###
#......# #.... .# #......# ####'
.# #......# #. .# ######## #. ##
#. ##


You could see 2 orc priests and an orc.

Vanquished Creatures
  3 adders
  A dart slug (D:2)
  8 orcs (D:3)
  2 bats
  4 endoplasms
  2 giant cockroaches (D:2)
  6 goblins
  2 hobgoblins
  2 quokkas
  5 ball pythons
  6 kobolds
  2 rats (D:1)
43 creatures vanquished.

Notes
Turn   | Place    | Note
-------+----------+-------------------------------------------
     0 | D:1      | fishmans the Gargoyle Fighter began the quest for the Orb.
     0 | D:1      | Reached XP level 1. HP: 14/14 MP: 1/1
   454 | D:1      | Found Rinelar's Antique Armour Boutique.
   506 | D:1      | Reached skill level 2 in Axes
   555 | D:1      | Reached XP level 2. HP: 19/19 MP: 2/2
   771 | D:2      | Found Omaul's Distillery.
  1094 | D:2      | Found a faded altar of an unknown god.
  1342 | D:2      | Reached skill level 3 in Axes
  1342 | D:2      | Reached XP level 3. HP: 23/23 MP: 3/3
  2337 | D:3      | Reached XP level 4. HP: 23/28 MP: 4/4
  2571 | D:3      | Found a blossoming altar of Fedhas.
  2678 | D:3      | Reached skill level 4 in Axes
  2946 | D:3      | Killed from afar by an orc priest

Illustrated notes

Levels and vault maps discovered:
D:1:      minmay_arrival_glassed_features, layout_basic, serial_shops,
          nicolae_shop_temple_entry_statues_fountains
D:2:      layout_basic, hellmonk_ecumenical_altar_run_dry, serial_shops,
          shop_coins
D:3:      layout_basic, lemuel_coloured_pillars_altar, kennysheep_path_1,
          minivault_4

Skill      XL: |  1  2  3  4 |
---------------+-------------+-----
Axes           | 2 3 4 |  4.0
Fighting       | |  3.4
Armour         | |  3.3
Shields        | |  3.3

Action                   |  1- 3 |  4- 6 || total
-------------------------+-------+-------++-------
Melee: War axe           |    89 |    35 ||   124
  Use: Scroll            |     6 |       ||     6
       Potion            |       |     3 ||     3
Armor: Scale mail        |    38 |       ||    38
       Plate armour      |     9 |    51 ||    60
       Chain mail        |     3 |       ||     3
Dodge: Dodged            |    34 |    12 ||    46
Block: Buckler           |    24 |    10 ||    34
